 Dungeon Crawl Stone Soup version bcrawl-1.21.2-1-g32d02e0829 (webtiles) character file.

Game seed: 13348234053745983423

93 Foic the Grave Robber (level 4, 0/30 HPs)
             Began as a Mummy Necromancer on Feb 19, 2020.
             Slain by Grinder (4 damage)
             ... on level 3 of the Dungeon.
             The game lasted 00:11:41 (3501 turns).

Foic the Grave Robber (Mummy Necromancer)           Turns: 3501, Time: 00:11:42

Health: 0/30       AC:  4    Str: 11    XL:     4   Next: 37%
Magic:  10/10      EV: 12    Int: 15    God:
Gold:   153        SH:  0    Dex: 12    Spells: 2/11 levels left

rFire    x . .     SeeInvis .   a - +2 dagger
rCold    + . .     Gourm    .   (no shield)
rNeg     + + +     Faith    .   b - +0 robe
rPois    ∞         Spirit   .   i - +2 hat
rElec    .         Reflect  .   (no cloak)
rCorr    .         Harm     .   (no gloves)
MR       .....     Clarity  +   (no boots)
Stlth    ++........             h - amulet of regeneration
HPRegen  0.50/turn              (no ring)
MPRegen  0.12/turn              (no ring)

@: no status effects
A: no food or potions, fire vulnerability, clarity, cold resistance 1, negative
energy resistance 3, torment resistance, unbreathing
a: no special abilities


You were on level 3 of the Dungeon.
You were not hungry.

You visited 1 branch of the dungeon, and saw 3 of its levels.

You collected 153 gold pieces.

Inventory:

Hand Weapons
 a - a +2 dagger (weapon)
 d - a +0 short sword
Missiles
 c - 225 stones
 g - 105 javelins (quivered)
Armour
 b - a +0 robe (worn)
 i - a +2 hat (worn)
Jewellery
 h - an amulet of regeneration (around neck)
 l - an uncursed amulet of magic regeneration {unknown}
Scrolls
 e - 4 scrolls of teleportation
 f - a scroll of enchant armour {unknown}
 j - a scroll of magic mapping {unknown}
 k - 2 scrolls of remove curse


   Skills:
 + Level 1.7 Dodging
 + Level 2.1 Stealth
 + Level 4.3 Spellcasting
 + Level 4.8 Necromancy


You had 2 spell levels left.
You knew the following spells:

 Your Spells              Type           Power        Failure   Level  Hunger
a - Animate Skeleton      Necr           N/A          2%          1    N/A
b - Pain                  Necr           ###...       2%          1    N/A
c - Vampiric Draining     Necr           ###.......   7%          3    N/A
d - Animate Dead          Necr           N/A          24%         4    N/A

Your spell library contained the following spells:

 Spells                   Type           Power        Failure   Level  Hunger
 Bolt of Draining         Conj/Necr      ##........   87%         5    N/A
 Regeneration             Chrm/Necr      Unusable     N/A         3    N/A

Dungeon Overview and Level Annotations

Branches:
Dungeon (3/12)

Altars:
Trog

Annotations:
D:3 Grinder


Innate Abilities, Weirdness & Mutations

You do not eat or drink.
Your flesh is vulnerable to fire.
You are immune to poison.
You possess an exceptional clarity of mind.
Your flesh is cold resistant. (rC+)
You are immune to negative energy. (rN+++)
You are immune to unholy pain and torment.
You can survive without breathing.


Message History

You hit Grinder.
Grinder is heavily wounded.
Grinder closely misses you.
You hit Grinder.
Grinder is heavily wounded.
Grinder hits you.
You hit Grinder.
Grinder is severely wounded.
Grinder hits you!
* * * LOW HITPOINT WARNING * * *
You closely miss Grinder.
Grinder is severely wounded.
Grinder barely misses you.
You hit Grinder but do no damage.
Grinder is severely wounded.
Grinder barely misses you.
You barely miss Grinder.
Grinder is heavily wounded.
Grinder hits you.
You die...

.# ###....#.# .#
#.....)..##### ##
######<......## ######...##
#########.#.#.#
#########.......#.#...#
#####...............#.##..#
......###.###...5...##...##
......# #......)@...####.#
...§..###..##.......# #.##
#####.........%.....# #..#
# #..###.##.......# ##.# #
#......########## #.# #
##.########### #.# # #.#
#.......# #.# # #.#
#.#####.# #.# #
#.###.#####.########.#


You could see Grinder.

Vanquished Creatures
  3 adders
  2 oozes (D:2)
  3 worms (D:2)
  2 dart slugs
  A leopard gecko (D:1)
  4 orcs
  2 goblins
  7 hobgoblins
  3 jackals (D:1)
  A quokka (D:1)
  A bat (D:1)
  3 frilled lizards
  4 kobolds
  3 rats
39 creatures vanquished.

Vanquished Creatures (collateral kills)
  A worm (D:3)
  A hobgoblin (D:2)
2 creatures vanquished.

Vanquished Creatures (others)
  A fungus (D:3)
1 creature vanquished.

Grand Total: 42 creatures vanquished

Notes
Turn   | Place    | Note
-------+----------+-------------------------------------------
     0 | D:1      | Foic the Mummy Necromancer began the quest for the Orb.
     0 | D:1      | Reached XP level 1. HP: 13/13 MP: 4/4
   491 | D:1      | Reached XP level 2. HP: 19/19 MP: 3/5
  1238 | D:2      | Found a faded altar of an unknown god.
  1407 | D:2      | Reached XP level 3. HP: 24/24 MP: 5/7
  1412 | D:2      | Learned a level 3 spell: Vampiric Draining
  2186 | D:2      | Reached XP level 4. HP: 28/30 MP: 5/10
  2718 | D:3      | Learned a level 4 spell: Animate Dead
  2765 | D:3      | Found a bloodstained altar of Trog.
  3434 | D:3      | Noticed Grinder
  3491 | D:3      | Paralysed by Grinder for 3 turns
  3501 | D:3      | Slain by Grinder

Skill      XL: |  1  2  3 |
---------------+----------+-----
Spellcasting   | 3 4 |  4.3
Stealth        | 2 |  2.1
Dodging        | |  1.7
Necromancy     | |  4.8

Action                   |  1- 3 |  4- 6 || total
-------------------------+-------+-------++-------
Melee: Dagger            |    18 |    26 ||    44
Throw: Stone             |     3 |       ||     3
       Javelin           |       |     4 ||     4
 Cast: Pain              |    76 |    31 ||   107
       Animate Skeleton  |     1 |     4 ||     5
       Animate Dead      |       |     2 ||     2
       Vampiric Draining |       |     2 ||     2
  Use: Scroll            |     7 |       ||     7
Armor: Robe              |     2 |     5 ||     7
Dodge: Dodged            |    14 |    12 ||    26
